 Dungeon Crawl Stone Soup version 0.30-a0-634-g8abc85282e (webtiles) character file.

Game seed: 12377696434456203774

82 ryw the Sneak (level 4, -2/40 HPs)
             Began as a Draconian Delver on Jan 14, 2023.
             Slain by Terence
             ... wielding a +0 mace
              (9 damage)
             ... on level 2 of the Dungeon.
             The game lasted 00:03:12 (1917 turns).

ryw the Sneak (Draconian Delver)                    Turns: 1917, Time: 00:03:13

Health: -2/40      AC:  5    Str: 15    XL:     4   Next: 21%
Magic:  4/4        EV: 12    Int: 10    God:
Gold:   66         SH:  0    Dex: 14    Spells: 3/3 levels left

rFire   . . .      SeeInvis .    a - +0 falchion
rCold   . . .      Faith    .    (no shield)
rNeg    . . .      Spirit   .    (body armour unavailable)
rPois   .          Reflect  .    (helmet restricted)
rElec   .          Harm     .    (no cloak)
rCorr   .          Rampage  .    (no gloves)
Will    .....                    (no boots)
Stlth   +++                      (no amulet)
HPRegen 0.26/turn                (no ring)
MPRegen 0.09/turn                (no ring)

@: hasted, very quick
A: AC +5, unfitting armour, cold-blooded
a: no special abilities


You were on level 2 of the Dungeon.
You visited 1 branch of the dungeon, and saw 5 of its levels.

You collected 66 gold pieces.

Inventory:

Hand Weapons
 a - a +0 falchion (weapon)
Missiles
 e - 3 poisoned darts (quivered)
Jewellery
 p - an amulet of faith
Wands
 f - a wand of digging (3)
Scrolls
 b - 2 scrolls of fog
 c - a scroll of magic mapping
 d - a scroll of fear
 g - a scroll of enchant weapon {unknown}
 h - a scroll of vulnerability {unknown}
 i - a scroll of amnesia {unknown}
 m - 2 scrolls of identify {unknown}
 n - a scroll of immolation {unknown}
 q - a scroll of poison {unknown}
 r - a scroll of enchant armour {unknown}
Potions
 j - a potion of lignification {unknown}
 k - a potion of might {unknown}
 l - 3 potions of haste
 o - a potion of attraction {unknown}
 s - a potion of curing {unknown}
 t - a potion of heal wounds


   Skills:
 + Level 4.0 Fighting
 * Level 3.2 Long Blades
 + Level 2.5 Dodging
 - Level 4.6 Stealth


You had 3 spell levels left.
You didn't know any spells.
Your spell library contained the following spells:

 Spells                   Type           Power      Damage    Failure   Level
 Blade Hands              Tmut           0%         N/A       100%        5
 Iron Shot                Conj/Erth      0%         9d1       100%        6
 Animate Armour           Summ/Erth      Unusable   N/A       N/A         4

Dungeon Overview and Level Annotations

Branches:
Dungeon (5/15)
 Temple: D:4-7

Altars:
Zin

Annotations:
D:2 Terence


Innate Abilities, Weirdness & Mutations

Your plain brown scales are hard. (AC +5)
You cannot fit into any form of body armour.
You are cold-blooded and may be slowed by cold attacks.


Message History

Terence the Incautious comes into view.
He is wielding a +0 mace.
You feel yourself speed up.
The helpless Terence fails to defend himself.
You hit Terence but do no damage.
Terence shouts, "ATTACK!!!"
Terence hits you with a +0 mace.
You closely miss Terence. Terence hits you but does no damage.
You hit Terence but do no damage. Terence barely misses you.
You closely miss Terence.
You tail-slap Terence, but do no damage.
Terence hits you with a +0 mace!
You hit Terence.
Your tail-slap misses Terence.
Terence is lightly wounded.
Terence closely misses you.
You hit Terence but do no damage.
Your tail-slap misses Terence.
Terence is lightly wounded.
You hit Terence.
Terence is lightly wounded.
Terence hits you with a +0 mace!
You hit Terence.
Terence is moderately wounded.
Terence misses you.
You slash Terence!
Terence is severely wounded.
You hit Terence.
Terence is severely wounded.
Terence hits you with a +0 mace.
You hit Terence but do no damage.
You tail-slap Terence, but do no damage.
Terence is severely wounded.
Terence hits you with a +0 mace!
* * * LOW HITPOINT WARNING * * *
You hit Terence but do no damage.
Terence is severely wounded.
Terence hits you with a +0 mace.
* * * LOW HITPOINT WARNING * * *
You barely miss Terence. You tail-slap Terence. Your punch misses Terence.
Terence is almost dead.
Terence hits you with a +0 mace!
You die...

#.#.#####.#
#.#.# #.#
#.#.# #.#
#.#.# #.#
###.#.# #.#
#...#.# #.#
#.###.# #.#
#########
#.# #.# #.#
#@.......
#.# #.# #.#
#@# #.###.#
#.####.#
#.....#
#......#
#####.#
######.#
### ###


You could see Terence.

Vanquished Creatures
  Natasha (D:1)
  An adder (D:1)
  A worm (D:2)
  6 bats
  3 endoplasms (D:1)
  2 giant cockroaches (D:2)
  3 goblins (D:1)
  4 hobgoblins (D:1)
  4 jackals (D:1)
  4 kobolds
  6 ball pythons
  6 frilled lizards
  4 rats
45 creatures vanquished.

Notes
Turn   | Place    | Note
-------+----------+-------------------------------------------
     0 | D:5      | ryw the Draconian Delver began the quest for the Orb.
     0 | D:5      | Reached XP level 1. HP: 19/19 MP: 1/1
    12 | D:5      | Noticed an orc priest
    16 | D:5      | Noticed a phantom
    19 | D:5      | Noticed an iguana
    83 | D:3      | Found a glowing silver altar of Zin.
   351 | D:1      | Reached XP level 2. HP: 25/26 MP: 2/2
   923 | D:1      | Reached XP level 3. HP: 31/33 MP: 3/3
  1490 | D:2      | Noticed Natasha
  1514 | D:1      | Killed Natasha
  1515 | D:1      | Reached XP level 4. HP: 24/40 MP: 4/4
  1901 | D:2      | Noticed Terence
  1917 | D:2      | Slain by Terence

Illustrated notes

Levels and vault maps discovered:
D:1:      minmay_arrival_three_doors, layout_basic
D:2:      layout_basic, uniq_natasha, uniq_terence
D:3:      layout_basic, lemuel_doored_altar, chequers_serial_rivers_small_3,
          chequers_serial_rivers_micro_a, lemuel_flame_loot_1, uniq_jessica
D:4:      layout_loops_ring, serial_shops, nicolae_shop_hallway_stairs,
          minmay_circle_x
D:5:      layout_gridville, cheibrodos_worm_habitat, serial_undead,
          serial_undead_a, serial_undead_f, serial_undead_b, serial_undead_c,
          serial_undead_a, serial_undead_b

Skill      XL: |  1  2  3 |
---------------+----------+-----
Dodging        | 2 |  2.5
Long Blades    | 3 |  3.2
Fighting       | 4 |  4.0
Stealth        | |  4.6

Action                   |  1- 3 |  4- 6 || total
-------------------------+-------+-------++-------
Melee: Falchion          |   114 |    16 ||   130
       Tailslap          |    11 |     4 ||    15
       Punch             |     1 |       ||     1
  Use: Potion            |     3 |     1 ||     4
 Stab: Sleeping          |    15 |     1 ||    16
Armor: Skin              |    52 |     5 ||    57
Dodge: Dodged            |    77 |     6 ||    83

Table legend: (Time is in decaauts)
 A = Elapsed time spent in this place.
 B = Non-inter-level travel time spent in this place.
 C = Inter-level travel time spent in this place.
 D = Time resting spent in this place.
 E = Time spent auto-exploring this place.
 F = Levels seen in this place.
 G = Mean time per level.
                   A        B        C        D        E       F      G
               +--------+--------+--------+--------+--------+-----+--------+
         Total |   1902 |   1688 |    214 |     90 |   1122 |   5 |  380.4 |
       Dungeon |   1902 |   1688 |    214 |     90 |   1122 |   5 |  380.4 |
               +--------+--------+--------+--------+--------+-----+--------+

Top non-repeatable levels by time:
     D:1: 1192 daAuts
     D:2: 476 daAuts
     D:3: 199 daAuts
     D:5: 33 daAuts
     D:4: 1 daAuts
